 Dungeon Crawl Stone Soup version 0.30-b1-2-g02819fbbbe (webtiles) character file.

Game seed: 16117523696530890732

12483 DavidChitty2 the Grappler (level 11, -2/113 HPs)
             Began as a Troll Fighter on May 16, 2023.
             Was a High Priest of Wu Jian.
             Slain by a troll (11 damage)
             ... on level 10 of the Dungeon.
             The game lasted 00:15:27 (6987 turns).

DavidChitty2 the Grappler (Troll Fighter)           Turns: 6987, Time: 00:15:27

Health: -2/113     AC:  2    Str: 30    XL:     11   Next: 63%
Magic:  0/10       EV: 14    Int:  4    God:    Wu Jian [*****.]
Gold:   1570       SH: 11    Dex:  9    Spells: 6/10 levels left

rFire   . .          .
                       - Unarmed
rCold   . . .        b - +1 kite shield
rNeg    . . .        d - +0 troll leather armour
rPois   .            (helmet restricted)
rElec   .            (no cloak)
rCorr   .            (gloves unavailable)
SInv    .            (boots unavailable)
Will    .....        h - amulet of guardian spirit
Stlth   +            p - +5 ring of evasion
HPRegen 1.98/turn    y - +4 ring of protection
MPRegen 0.12/turn

%: guardian spirit
@: corroded
A: large, unfitting armour, claws 3, regeneration 1, shaggy fur 1, tough skin 1
a: Renounce Religion, Wall Jump, Serpent's Lash, Heavenly Storm


You were on level 10 of the Dungeon.
You worshipped Wu Jian.
Wu Jian was extremely pleased with you.
You visited 1 branch of the dungeon, and saw 10 of its levels.
You also visited: Bailey.

You collected 1570 gold pieces.

Inventory:

Missiles
 n - a throwing net (quivered) {!f}
Armour
 a - a +0 robe
 b - a +1 kite shield (worn)
 d - a +0 troll leather armour (worn)
   (You found it on level 10 of the Dungeon)
Jewellery
 g - a +6 ring of strength
   (You found it on level 6 of the Dungeon)
 h - an amulet of guardian spirit (around neck)
   (You found it on level 9 of the Dungeon)
 p - a +5 ring of evasion (left claw)
   (You found it on level 4 of the Dungeon)
 y - a +4 ring of protection (right claw)
   (You found it on level 10 of the Dungeon)
Wands
 r - a wand of charming (13)
   (You found it on level 5 of the Dungeon)
 s - a wand of roots (3)
   (You found it on level 8 of the Dungeon)
 v - a wand of polymorph (9)
   (You took it off an orc on level 8 of the Dungeon)
Scrolls
 f - 6 scrolls of enchant weapon
 k - a scroll of immolation {!r}
 u - 5 scrolls of enchant armour
 x - a scroll of brand weapon
Potions
 c - 3 potions of might
 e - 2 potions of curing {@q1}
 i - 2 potions of attraction {!q}
 j - a potion of lignification {!q}
 l - a potion of cancellation
 m - 3 potions of magic
 o - a potion of mutation {!q}
 q - 2 potions of brilliance
 t - 3 potions of invisibility
 w - 3 potions of resistance


   Skills:
 + Level 8.3 Fighting
 - Level 2.4 Dodging
 + Level 9.1 Shields
 * Level 13.4 Unarmed Combat


You had 6 spell levels left.
You knew the following spells:

 Your Spells              Type           Power      Damage    Failure   Level
y - Olgreb's Toxic Radia  Pois           0%         N/A       100%        4

Your spell library contained the following spells:

 Spells                   Type           Power      Damage    Failure   Level
 Magic Dart               Conj           0%         1d3       71%         1
 Sandblast                Erth           0%         2d4       71%         1
 Sting                    Tmut/Pois      0%         1d3       71%         1
 Passwall                 Tmut/Erth      0%         N/A       83%         2
 Poisonous Vapours        Pois/Air       0%         N/A       83%         2
 Searing Ray              Conj           0%         2d4       83%         2
 Stone Arrow              Conj/Erth      0%         3d7       97%         3
 Anguish                  Hex/Necr       0%         N/A       100%        4
 Cause Fear               Hex            0%         N/A       100%        4
 Fulminant Prism          Conj/Hex       0%         3d5       100%        4
 Summon Lightning Spire   Summ/Air       0%         N/A       100%        4
 Summon Forest            Summ/Tloc      0%         N/A       100%        5
 Eringya's Noxious Bog    Tmut/Pois      0%         N/A       100%        6
 Enfeeble                 Hex            0%         N/A       100%        7
 Storm Form               Tmut/Air       0%         N/A       100%        7
 Summon Hydra             Summ           0%         N/A       100%        7
 Maxwell's Capacitive Co  Air            0%         ∞         100%        8


Dungeon Overview and Level Annotations

Branches:
Dungeon (10/15)            Temple (0/1) D:5            Lair (0/5) D:8
 Bailey (visited)
    Orc: D:9-12

Altars:
Elyvilon
Kikubaaqudgha
Makhleb
Qazlal
Sif Muna
Trog
Wu Jian

Shops:
D:1 :   D:5 (

Portals:
Trove: D:10 (give 6 scrolls of fog)


Innate Abilities, Weirdness & Mutations

You are too large for most types of armour.
You have claws for hands.
Your natural rate of healing is unusually fast.
You are covered in fur. (AC +1)
You have tough skin. (AC +1)


Message History

No target in view!
A troll comes into view.
A troll is nearby!
A troll is nearby!
The troll shouts!
An acid dragon comes into view.
The acid dragon roars!
The acid dragon spits acid at you. The splash of acid hits you!!
You hear an angry buzzing noise. x2
You scratch the troll. You block the troll's attack. The troll misses you.
The troll closely misses you.
You barely miss the troll. You block the troll's attack.
The troll closely misses you. You block the troll's attack.
You completely miss the troll. You block the troll's attack. x2
The troll claws you. The acid dragon spits acid at you.
The splash of acid hits you!! The acid corrodes you!
You hear an angry buzzing noise.
You mangle the troll!!
You block the troll's attack. x2; The troll claws you!
You barely miss the troll. You completely miss the troll.
The troll closely misses you. You block the troll's attack. x2
You barely miss the troll. The troll bites you! You block the troll's attack.
The troll claws you! The acid dragon spits acid at you.
The splash of acid hits you!
* * * LOW HITPOINT WARNING * * *
The acid corrodes you!
You hear an angry buzzing noise. x2
You spin and attack the troll.
You scratch the troll but do no damage. The troll bites you.
* * * LOW HITPOINT WARNING * * *
The troll claws you!
* * * LOW HITPOINT WARNING * * *
You block the troll's attack. The acid dragon spits acid at you.
The splash of acid hits you!!
* * * LOW HITPOINT WARNING * * *
You hear an angry buzzing noise.
You spin and attack the troll repeatedly.
You closely miss the troll. x2; The troll bites you!!
* * * LOW HITPOINT WARNING * * *
The troll claws you.
* * * LOW HITPOINT WARNING * * *
The troll completely misses you. The acid dragon completely misses you.
The acid dragon claws you.
* * * LOW HITPOINT WARNING * * *
You feel better. The troll closely misses you. The troll claws you!
You die...

.........#.# .. .......
...#####.#.# .# # .......
...........#.# .#.......
..>.......>.## #........
.............###.........
##.#####<##.#.#.#........
.#.......##.#..##........
.#..####.##....##D# .'..#
#.##.#...@T# .#..#
#.##.##.#..#
.#..####..........#
##........#####!).#
.......##.# #.......
#.#.....#.# #...###..
#.#..#..#.# #####
.....#..#.# #.##......#


You could see a troll and an acid dragon (catching breath).

Vanquished Creatures
  A two-headed ogre (D:10)
  A skeletal warrior (D:10)
  Pikel (D:8)
  An orc knight (Bailey)
  An unseen horror (D:10)
  Maggie (D:7)
  A troll (D:10)
  Grinder (D:4)
  4 wraiths
  2 shadows (D:10)
  4 wyverns
  A basilisk (D:8)
  18 yaks
  A steam dragon (D:4)
  An acid dragon (D:8)
  3 water moccasins
  A floating eye (D:10)
  3 sky beasts
  A black bear (D:6)
  15 orc warriors
  An ice beast (D:5)
  2 ogres
  2 phantoms
  A kobold brigand (D:8)
  4 bullfrogs
  3 scorpions
  2 gnoll sergeants (D:10)
  15 killer bees
  4 howler monkeys
  11 hounds
  3 jellies
  3 orc priests
  A gnoll bouda (D:4)
  6 iguanas
  A sleepcap (D:6)
  7 orc wizards
  6 gnolls
  4 adders
  A white imp (D:6)
  2 worms
  3 dart slugs
  38 orcs
  4 endoplasms
  2 giant cockroaches
  12 goblins
  9 hobgoblins
  7 jackals
  5 quokkas
  8 ball pythons
  5 bats
  6 frilled lizards
  10 kobolds
  5 rats
255 creatures vanquished.

Vanquished Creatures (others)
  3 fungi (D:8)
  19 plants (D:8)
22 creatures vanquished.

Grand Total: 277 creatures vanquished

Notes
Turn   | Place    | Note
-------+----------+-------------------------------------------
     0 | D:1      | DavidChitty2 the Troll Fighter began the quest for the Orb.
     0 | D:1      | Reached XP level 1. HP: 22/22 MP: 0/0
    65 | D:1      | Reached XP level 2. HP: 26/29 MP: 1/1
   157 | D:1      | Found a faded altar of an unknown god.
   208 | D:1      | Found Halez's Book Emporium.
   246 | D:1      | Prayed at the altar of an unknown god.
   246 | D:1      | Became a worshipper of the Wu Jian Council
   246 | D:1      | Reached * piety under Wu Jian
   346 | D:1      | Reached XP level 3. HP: 36/36 MP: 2/2
   554 | D:1      | Reached skill level 3 in Unarmed Combat
  1288 | D:3      | Reached XP level 4. HP: 44/44 MP: 3/3
  1381 | D:3      | Reached ** piety under Wu Jian
  1433 | D:3      | Found a stormy altar of Qazlal.
  1469 | D:3      | Found a bloodstained altar of Trog.
  1545 | D:3      | Found a white marble altar of Elyvilon.
  1737 | D:4      | Reached skill level 4 in Unarmed Combat
  1737 | D:4      | Reached XP level 5. HP: 48/53 MP: 4/4
  1836 | D:4      | Found an ancient bone altar of Kikubaaqudgha.
  1837 | D:4      | Noticed Grinder
  1847 | D:4      | Reached XP level 6. HP: 59/61 MP: 5/5
  1860 | D:4      | Killed Grinder
  1861 | D:4      | Reached skill level 5 in Unarmed Combat
  1914 | D:4      | Reached XP level 7. HP: 68/68 MP: 6/6
  1954 | D:4      | Noticed a steam dragon
  1958 | D:4      | Killed a steam dragon
  1959 | D:4      | Reached skill level 6 in Unarmed Combat
  2159 | D:4      | Learned a level 4 spell: Olgreb's Toxic Radiance
  2301 | D:5      | Entered Level 5 of the Dungeon
  2393 | D:5      | Found a staircase to the Ecumenical Temple.
  2466 | D:5      | Reached *** piety under Wu Jian
  2481 | D:5      | Found Veunn's Weapon Boutique.
  2673 | D:5      | Reached skill level 5 in Shields
  2673 | D:5      | Reached XP level 8. HP: 75/79 MP: 7/7
  2692 | D:5      | Reached skill level 7 in Unarmed Combat
  2746 | D:5      | Identified a scroll of acquirement
  2746 | D:5      | Acquired 608 gold pieces
  3006 | D:5      | Reached skill level 5 in Fighting
  3165 | D:5      | Found a shimmering blue altar of Sif Muna.
  3352 | D:6      | Reached skill level 8 in Unarmed Combat
  3739 | D:6      | Reached XP level 9. HP: 83/88 MP: 8/8
  4166 | D:7      | Noticed Maggie
  4176 | D:7      | Killed Maggie
  4176 | D:7      | Reached **** piety under Wu Jian
  4177 | D:7      | Reached skill level 9 in Unarmed Combat
  4477 | D:7      | Found a burning altar of Makhleb.
  4833 | D:8      | Reached skill level 10 in Unarmed Combat
  4915 | D:8      | Noticed Pikel
  4923 | D:8      | Killed Pikel
  4924 | D:8      | Reached XP level 10. HP: 88/100 MP: 9/9
  5109 | D:8      | Reached skill level 11 in Unarmed Combat
  5135 | D:8      | Found a staircase to the Lair.
  5627 | D:8      | Reached skill level 12 in Unarmed Combat
  5910 | D:10     | Entered Level 10 of the Dungeon
  5914 | D:10     | Reached XP level 11. HP: 100/109 MP: 8/10
  5957 | D:10     | Found a portal to a secret trove of treasure.
  5996 | D:10     | Noticed a catoblepas
  6071 | D:10     | Reached ***** piety under Wu Jian
  6216 | D:10     | Found a flagged portal.
  6230 | Bailey   | Entered a bailey
  6409 | Bailey   | Noticed an orc knight
  6446 | Bailey   | Killed an orc knight
  6645 | D:10     | HP: 2/111 [something (6)]
  6809 | D:10     | Reached skill level 13 in Unarmed Combat
  6809 | D:10     | Paralysed by a floating eye for 2 turns
  6879 | D:10     | Noticed a two-headed ogre
  6886 | D:10     | Noticed a skeletal warrior
  6887 | D:10     | Killed a two-headed ogre
  6894 | D:10     | Killed a skeletal warrior
  6986 | D:10     | HP: 3/113 [troll (3)]
  6986 | D:10     | HP: 1/113 [acid dragon (2)]
  6987 | D:10     | Slain by a troll

Illustrated notes

Levels and vault maps discovered:
D:1:      dpeg_arrival_refuge, layout_loops_cross, serial_shops, shop,
          basic_ecumenical_altar, wander_ebering_terrifying_dragon_lair
D:2:      layout_basic, nicolae_figureground_pulse
D:3:      layout_basic, elyvilon_altar_3, mainiacjoe_overflow_two_lobes,
          grunt_decor_arrowhead
D:4:      layout_rooms, nicolae_kikubaaqudgha_miasma_corner, uniq_grinder
D:5:      minmay_chambers_of_threes, layout_loops_cross, lemuel_blue_sif_altar,
          minmay_temple_entry_mini_moons, serial_shops, shop, kennysheep_boxes
D:6:      layout_basic
D:7:      layout_basic, nicolae_overflow_crystal_walls, uniq_maggie
D:8:      layout_loops_ring, minmay_lair_entry_grove, uniq_pikel
D:9:      layout_rooms
D:10:     layout_loops_cross, enter_trove_6, gammafunk_ghost_nasty_kobolds,
          enter_bailey_4, onia_ninara_cookie

Skill      XL: |  1  2  3  4  5  6  7  8  9 10 11 |
---------------+----------------------------------+-----
Shields        | 3 4 5 6 7 8 9 |  9.1
Unarmed Combat | 3 4 5 6 8 10 12 13 | 13.4
Fighting       | 3 4 5 6 7 8 |  8.3
Dodging        | |  2.4

Action                     |  1- 3 |  4- 6 |  7- 9 | 10-12 || total
---------------------------+-------+-------+-------+-------++-------
  Melee: Unarmed           |   101 |   106 |   310 |   308 ||   825
 Invoke: Serpent's Lash    |       |       |       |     1 ||     1
Ability: Lunge             |    16 |     5 |    22 |    33 ||    76
         Whirlwind         |       |       |     5 |    22 ||    27
         Wall Jump         |       |       |       |     2 ||     2
  Evoke: Wand              |       |       |       |     2 ||     2
    Use: Scroll            |       |       |    19 |     5 ||    24
         Potion            |       |       |       |    10 ||    10
 Armour: Robe              |    12 |    27 |    25 |    42 ||   106
         Troll leather arm |       |       |       |     1 ||     1
  Dodge: Dodged            |    33 |    58 |   128 |   192 ||   411
  Block: Kite shield       |    14 |    45 |   121 |   203 ||   383
